AoeStats
← Done

Black Forest

510192115Analyzed
3v3 RM · 1d ago on Sep 29, 2026· 22m 4s· 6 players
Game mode
Random Map
Map size
Normal (6 player)
Population
200
Speed
Normal
Resources
Standard
Victory
Conquest
Starting age
Dark Age
Ending age
Imperial Age
RankedLock teamsTeams togetherTeam positionsShared explorationLock speedFull tech treeHidden civsTurbo modeCheats
Victory
Defeat
🇲🇽 Persians · Mexico
839
+13
🇲🇽 Britons · Mexico
820
+13
🇲🇽 Bengalis · Mexico
717
+17
🇮🇹 Huns · Italy
765
-15
🇩🇪 Burgundians · Germany
757
-14
🇬🇧 Cumans · United Kingdom
756
-14
Velox_M_B
0:27 Loom
16:56 Feudal Age
17:51 Horse Collar
18:00 Double-Bit Axe
Done
0:33 Loom
Kuzmikdepo
0:28 Loom
23:06 Feudal Age
aluv145
0:33 Loom
19:10 Feudal Age
21:11 Man-at-Arms
21:39 Arson
miguelremis8
0:26 Loom
20:50 Feudal Age
22:46 Wheelbarrow
21:59 Double-Bit Axe
21:55 Horse Collar
trujic93
0:32 Loom
15:53 Feudal Age
16:19 Double-Bit Axe
16:16 Horse Collar
19:58 Man-at-Arms
Connection lost

Rejoining the realm…

Still unreachable

The connection could not be restored.

Session expired

The server has moved on; the page needs a fresh start.